 Dungeon Crawl Stone Soup version 0.30.1-3-gfc49f6343a (webtiles) character file.

Game seed: 10241080110810946088

27524 ANON1729 the Fighter (level 13, -6/107 HPs)
             Began as a Minotaur Monk on Aug 9, 2023.
             Was a High Priest of Hepliaklqana.
             Mangled by a stone giant (30 damage)
             ... on level 11 of the Dungeon.
             The game lasted 00:11:09 (11057 turns).

ANON1729 the Fighter (Minotaur Monk)               Turns: 11057, Time: 00:11:10

Health: -6/107     AC: 18    Str: 26    XL:     13   Next: 4%
Magic:  18/18      EV: 17    Int:  7    God:    Hepliaklqana [*****.]
Gold:   302        SH:  0    Dex: 17    Spells: 12/12 levels left

rFire   . . .        v - +1 scimitar (freeze)
rCold   . . .        d - orb {light}
rNeg    . . .        D - +6 scale mail of Woydore {Harm rPois Str+3 Stlth-}
rPois   +            (helmet restricted)
rElec   .            c - +0 cloak {Will+}
rCorr   .            (no gloves)
SInv    .            B - +0 pair of boots
Will    ++...        o - amulet of the acrobat Stlth
                     i - ring of willpower
HPRegen 0.37/turn    C - +6 ring of strength
MPRegen 0.16/turn

%: harm (+30% outgoing, +20% incoming), acrobat
@: glowing
A: reduced essence, horns 2, retaliatory headbutt
a: Renounce Religion, Recall Ancestor, Ancestor Identity, Transference, Idealise


You were on level 11 of the Dungeon.
You worshipped Hepliaklqana.
Hepliaklqana was extremely pleased with you.
You visited 2 branches of the dungeon, and saw 12 of its levels.
You visited 1 bazaar.
You also visited: Bailey.

You collected 743 gold pieces.
You spent 441 gold pieces at shops.

Inventory:

Hand Weapons
 a - a +0 falchion
 j - a +1 short sword of electrocution
 v - a +1 scimitar of freezing (weapon)
Missiles
 H - 3 throwing nets (quivered)
 P - 4 curare-tipped darts
Armour
 c - a +0 cloak of willpower (worn)
 d - an orb of light (worn)
 t - a +4 ring mail of willpower
 B - a +0 pair of boots (worn)
 D - the +6 scale mail of Woydore (worn) {Harm rPois Str+3 Stlth-}
   (You found it on level 6 of the Dungeon)

   Str:       It affects your strength (+3).
   rPois:     It protects you from poison.
   Harm:      It increases damage dealt and taken.
   Stlth:     It makes you less stealthy.
 J - a scarf of repulsion
Jewellery
 i - a ring of willpower (left hand)
 o - an amulet of the acrobat (around neck)
 r - a ring of magical power
 A - a ring of ice
 C - a +6 ring of strength (right hand)
 L - a ring of positive energy
 O - a +4 ring of protection
 R - a +6 ring of strength
Wands
 e - a wand of mindburst (31)
 y - a wand of iceblast (10)
 G - a wand of flame (18)
 I - a wand of quicksilver (13)
Scrolls
 b - 2 scrolls of enchant armour {unknown}
 k - 5 scrolls of blinking
 q - 3 scrolls of fear
 w - 10 scrolls of teleportation
 z - 2 scrolls of brand weapon
 K - 4 scrolls of fog
 M - a scroll of summoning {unknown}
Potions
 f - 2 potions of berserk rage
 g - a potion of flight
 h - a potion of mutation
 l - 5 potions of might
 m - 3 potions of cancellation {unknown}
 n - 3 potions of curing {unknown}
 p - 2 potions of lignification
 s - a potion of magic {unknown}
 u - 2 potions of degeneration {unknown}
 x - 2 potions of haste
 E - a potion of brilliance
 F - 3 potions of attraction
 N - a potion of resistance
 Q - a potion of heal wounds


   Skills:
 + Level 12.4 Fighting
 + Level 12.4 Long Blades
 + Level 11.6 Armour
 + Level 11.4 Dodging
 + Level 9.1 Invocations


You had 12 spell levels left.
You didn't know any spells.
Your spell library contained the following spells:

 Spells                   Type           Power      Damage    Failure   Level
 Ensorcelled Hibernation  Hex/Ice        0%         N/A       80%         2
 Inner Flame              Hex/Fire       0%         N/A       95%         3
 Spider Form              Tmut/Pois      0%         N/A       95%         3
 Summon Guardian Golem    Hex/Summ       0%         N/A       95%         3
 Vhi's Electric Charge    Tloc/Air       0%         N/A       95%         3
 Anguish                  Hex/Necr       0%         N/A       100%        4
 Arcjolt                  Conj/Air       0%         1d10      100%        5
 Iskenderun's Battlesphe  Conj           0%         2d6       100%        5
 Yara's Violent Unravell  Hex/Tmut       0%         3d3       100%        5
 Iron Shot                Conj/Erth      0%         9d1       100%        6
 Enfeeble                 Hex            0%         N/A       100%        7
 Orb of Destruction       Conj           0%         9d5       100%        7
 Spellforged Servitor     Conj/Summ      0%         N/A       100%        7
 Maxwell's Capacitive Co  Air            0%         ∞         100%        8


Dungeon Overview and Level Annotations

Branches:
Dungeon (11/15)            Temple (1/1) D:4            Lair (0/5) D:8
    Orc (0/2) D:10         Bailey (visited)

Altars:
Ashenzari
Cheibriados
Dithmenos
Elyvilon
Fedhas
Gozag
Hepliaklqana
Kikubaaqudgha
Makhleb
Nemelex Xobeh
Okawaru
Qazlal
Ru
Sif Muna
Trog
Uskayaw
Vehumet
Wu Jian
Xom
Yredelemnul
Zin
The Shining One

Shops:
D:3 *   D:7 ?


Innate Abilities, Weirdness & Mutations

Your life essence is reduced to manifest your ancestor. (-10% HP)
You have a pair of horns on your head.
You reflexively headbutt those who attack you in melee.


Message History

There is a transporter here.
Vusi points at the two-headed ogre and mumbles some strange words.
The two-headed ogre seems to slow down.
The two-headed ogre barely misses Vusi.
The two-headed ogre hits Vusi with a +0 giant spiked club!!
Vusi casts a spell at the two-headed ogre.
The two-headed ogre resists with some effort.
Something bites Vusi!
Something claws Vusi!
Vusi is destroyed!
You hit the shadow.
The shadow is lightly damaged.
The orc wizard misses you. The shadow completely misses you.
You slash the shadow! You headbutt the shadow.
You destroy the shadow!
Reactivating autopickup.
The stone giant throws a large rock.
The large rock hits you!!
You enter the transporter and appear at another place.
The stone giant hits you!!
Vusi is still trapped in memory!
Unknown command.
Unknown command.
Unknown command.
You slash the stone giant! You freeze the stone giant.
You headbutt the stone giant, but do no damage.
The stone giant is moderately wounded.
The stone giant closely misses you.
You slash the stone giant! You freeze the stone giant.
The stone giant is heavily wounded.
The stone giant hits you!
You slash the stone giant! You freeze the stone giant.
You headbutt the stone giant!
The stone giant is severely wounded.
You hit the stone giant but do no damage.
The stone giant is severely wounded.
The stone giant hits you!
* * * LOW HITPOINT WARNING * * *
You hit the stone giant but do no damage.
You headbutt the stone giant.
The stone giant is almost dead.
The stone giant hits you!!
You die...

.>##..#
#..#)#.....#.#.........P.
..##<.#
#..#..#...#..#.........⌠.
..##..#
#..#....©....#.........P.
..##..#
#..#..#...#..#..###......
..##..# #..#.#.....#.#..#
#..###. ..##..#
#..#©........#..# #..# #.
......# #..##8ozOT.8##..#
#..###.
......###...#########...#
#......
................@.......#
#......
.^###...........C......##
#...... ..#
#......###...#..##.#
#..#### ..# #......#
#..##..##)# #..# # ..#
#......# #..##..##.# #..#
# ..# #......#
#..##..##.# #..# # ..#
#......# #..##..##.# #..#
# ..# #).....#
#..##..##.# #..# # ..#
#......# #..##..##.# #..#
#


You could see a stone giant, a skeletal warrior, a two-headed ogre (slow), a
troll (slow) and an orc wizard (invisible, slow).

Vanquished Creatures
  An orc warlord (Bailey)
  Snorg (D:11)
  A two-headed ogre (D:11)
  A necromancer (D:11)
  A manticore (D:11)
  An unseen horror (D:10)
  3 kobold demonologists
  A troll (D:10)
  A hornet (D:11)
  3 shadows
  A water elemental (D:11)
  Sigmund (D:5)
  4 wyverns
  14 yaks
  A basilisk (D:8)
  A steam dragon (D:7)
  3 water moccasins
  2 acid dragons
  A sky beast (D:4)
  3 black bears (D:8)
  9 orc warriors
  5 ogres
  A centaur (D:8)
  A wolf (D:8)
  A phantom (D:5)
  10 kobold brigands
  2 bullfrogs (D:8)
  2 gnoll sergeants
  Blork the orc (D:5)
  2 scorpions (D:4)
  18 wights
  7 howler monkeys
  3 jellies
  Crazy Yiuf (D:2)
  6 hounds
  5 orc priests
  2 sleepcaps
  4 iguanas
  6 orc wizards
  A polar bear simulacrum (D:11)
  Ijyb (D:3)
  3 yak simulacra (D:11)
  4 wolf simulacra (D:11)
  Robin (D:2)
  12 gnolls
  13 adders
  A shadow imp (D:7)
  2 white imps (D:7)
  An ufetubus (D:4)
  4 worms
  6 dart slugs
  39 orcs
  6 bats
  9 endoplasms
  29 goblins
  10 hobgoblins
  40 kobolds
  7 quokkas
  3 ball pythons
  A frilled lizard (D:1)
  6 rats
  3 river rat simulacra (D:11)
333 creatures vanquished.

Vanquished Creatures (collateral kills)
  The ghost of Plommelars the Cleaver, a journeyman HOFi of Dithmenos (D:11)
  Fannar (D:10)
  A two-headed ogre (D:9)
  Harold (D:10)
  A wraith (D:8)
  4 yaks
  2 water moccasins (D:8)
  2 orc warriors
  2 kobold brigands
  2 gnoll sergeants
  An orc priest (D:5)
  A sleepcap (D:5)
  2 orc wizards
  2 adders
  A gnoll (D:10)
  6 orcs
  2 goblins (D:9)
  2 kobolds
34 creatures vanquished.

Vanquished Creatures (others)
  7 hexers
7 creatures vanquished.

Grand Total: 374 creatures vanquished

Notes
Turn   | Place    | Note
-------+----------+-------------------------------------------
     0 | D:1      | ANON1729 the Minotaur Monk began the quest for the Orb.
     0 | D:1      | Reached XP level 1. HP: 19/19 MP: 0/0
    34 | D:1      | Reached XP level 2. HP: 26/27 MP: 1/1
   308 | D:1      | Reached XP level 3. HP: 31/33 MP: 2/2
   733 | D:2      | Reached skill level 1 in Armour
   802 | D:2      | Found a runed translucent door.
   803 | D:2      | Noticed Crazy Yiuf
   913 | D:2      | Reached XP level 4. HP: 22/41 MP: 3/3
  1223 | D:2      | Noticed Robin
  1243 | D:2      | HP: 2/41 [goblin/+0 club[Robin] (6)]
  1254 | D:2      | Killed Robin
  1640 | D:2      | Killed Crazy Yiuf
  1641 | D:2      | Reached XP level 5. HP: 33/47 MP: 4/4
  1699 | D:3      | Noticed Ijyb
  1710 | D:3      | Killed Ijyb
  1787 | D:3      | Found a sacrificial altar of Ru.
  1789 | D:3      | Found a basalt altar of Yredelemnul.
  1790 | D:3      | Reached skill level 5 in Fighting
  1800 | D:3      | Reached skill level 5 in Long Blades
  1927 | D:3      | Found Zin's Purification Station.
  1932 | D:3      | Found a glowing silver altar of Zin.
  2225 | D:3      | Found a burning altar of Makhleb.
  2475 | D:4      | Reached XP level 6. HP: 56/56 MP: 5/5
  2599 | D:4      | Reached skill level 5 in Dodging
  2731 | D:4      | Reached XP level 7. HP: 29/62 MP: 6/6
  3010 | D:4      | Found a staircase to the Ecumenical Temple.
  3339 | Temple   | Entered the Ecumenical Temple
  3507 | Temple   | Became a worshipper of Hepliaklqana the Forgotten
  3507 | Temple   | Reached * piety under Hepliaklqana
  3507 | Temple   | Reached ** piety under Hepliaklqana
  3508 | Temple   | Remembered your ancestor Vusi as a hexer
  3563 | D:5      | Entered Level 5 of the Dungeon
  3563 | D:5      | Noticed Sigmund
  3696 | D:5      | Killed Sigmund
  3697 | D:5      | Reached skill level 5 in Armour
  3697 | D:5      | Reached XP level 8. HP: 63/63 MP: 7/7
  3873 | D:5      | Noticed Blork the orc
  3880 | D:5      | Killed Blork the orc
  4128 | D:5      | Reached XP level 9. HP: 17/72 MP: 8/8
  4636 | D:6      | Identified the +6 scale mail of Woydore {Harm rPois Str+3
                  | Stlth-}
  4781 | D:6      | Identified the +4 dagger of the Building Visionary
                  | {protect, rPois}
  5633 | D:7      | Reached *** piety under Hepliaklqana
  5708 | D:7      | Found Newkutt's Magic Scroll Shop.
  5711 | D:7      | Bought a scroll of noise for 11 gold pieces
  5711 | D:7      | Bought 2 scrolls of fog for 88 gold pieces
  5711 | D:7      | Bought a scroll of blinking for 82 gold pieces
  5711 | D:7      | Bought a scroll of teleportation for 33 gold pieces
  5711 | D:7      | Bought a scroll of teleportation for 33 gold pieces
  5711 | D:7      | Bought a scroll of identify for 22 gold pieces
  5711 | D:7      | Bought a scroll of identify for 22 gold pieces
  6076 | D:8      | Reached XP level 10. HP: 80/81 MP: 9/9
  6288 | D:8      | Reached skill level 10 in Fighting
  6324 | D:8      | Reached skill level 10 in Long Blades
  6332 | D:8      | Found a staircase to the Lair.
  7139 | D:9      | Found a shimmering blue altar of Sif Muna.
  7290 | D:9      | Found a broken altar of Ashenzari.
  7549 | D:9      | Noticed a two-headed ogre
  7555 | D:9      | Killed a two-headed ogre
  7556 | D:9      | Reached skill level 10 in Armour
  7556 | D:9      | Reached skill level 10 in Dodging
  7556 | D:9      | Reached XP level 11. HP: 90/90 MP: 10/10
  7598 | D:9      | Reached **** piety under Hepliaklqana
  7658 | D:9      | Found an iron altar of Okawaru.
  7950 | D:10     | Entered Level 10 of the Dungeon
  7994 | D:10     | Found a staircase to the Orcish Mines.
  8061 | D:10     | Noticed Harold
  8266 | D:10     | Noticed Fannar
  8282 | D:10     | Killed Fannar
  8389 | D:10     | Found a transporter.
  8395 | D:10     | Found a transporter.
  8396 | D:10     | Found a transporter.
  8471 | D:10     | Found a flagged portal.
  8485 | Bailey   | Entered a bailey
  8490 | Bailey   | Noticed an orc warlord
  8535 | Bailey   | Found a runed translucent gate.
  8535 | Bailey   | Found a runed translucent gate.
  8535 | Bailey   | Found a runed translucent gate.
  8704 | Bailey   | Killed an orc warlord
  8879 | Bailey   | Reached XP level 12. HP: 99/99 MP: 10/17
  8924 | D:10     | Killed Harold
  9064 | D:10     | Found a transporter.
  9553 | D:11     | Found a flickering gateway to a bazaar.
  9567 | Bazaar   | Entered a bazaar
  9574 | Bazaar   | Found Kisijush's Weapon Shop.
  9588 | Bazaar   | Found Zaewoith's Book Boutique.
  9602 | Bazaar   | Found Himu's Armour Shop.
  9616 | Bazaar   | Found Vauxzatz's Weapon Boutique.
  9630 | Bazaar   | Found Duceces's General Store.
  9644 | Bazaar   | Found Ytadan's Jewellery Boutique.
  9658 | Bazaar   | Found Seakosk's Weapon Shop.
  9717 | Bazaar   | Bought a potion of heal wounds for 50 gold pieces
  9717 | Bazaar   | Bought a potion of haste for 100 gold pieces
  9863 | D:11     | Noticed Snorg
 10119 | D:11     | Found a transporter.
 10124 | D:11     | Noticed a two-headed ogre
 10128 | D:11     | Noticed a stone giant
 10134 | D:11     | Noticed Plommelars's ghost (journeyman HOFi)
 10142 | D:11     | Found a transporter.
 10154 | D:11     | Noticed a two-headed ogre
 10158 | D:11     | Killed a two-headed ogre
 10301 | D:11     | Reached ***** piety under Hepliaklqana
 10462 | D:11     | Killed Snorg
 10723 | D:11     | Reached XP level 13. HP: 107/107 MP: 18/18
 10916 | D:11     | Killed Plommelars's ghost
 11057 | D:11     | Mangled by a stone giant

Illustrated notes

Levels and vault maps discovered:
D:1:      dpeg_arrival_boxorama, layout_rooms, minmay_indecisive_spiral
D:2:      layout_basic, amcnicky_mini_pool_small, uniq_robin,
          uniq_crazy_yiuf_cottage
D:3:      layout_basic, lemuel_round_altar, grunt_temple_overflow_open,
          zin_purify, lemuel_flame_loot_1, uniq_ijyb
D:4:      layout_cave_pods, minmay_temple_entry_crystal_x
D:5:      layout_basic, serial_park_tiny_2, uniq_sigmund, uniq_blork_the_orc
D:6:      layout_basic
D:7:      layout_loops_ring, serial_shops, nicolae_shop_behind_doors
D:8:      layout_rooms, minmay_lair_entry_grove, wad_dig_loot
D:9:      layout_irregular_city, mainiacjoe_overflow_catwalk,
          cheibrodos_ashenzari_chains, kennysheep_okawaru_gauntlet
D:10:     layout_small_grid, kennysheep_orc_monster_closet_entryway,
          enter_bailey_5, nicolae_transporter_circle, uniq_harold, uniq_fannar,
          uniq_lodul
D:11:     cheibrodos_helix_gallery, layout_long_grid, gammafunk_ghost_arena,
          serial_shops, bzr_firewalk, corexii_corridor_pit,
          kennysheep_small_spiral, eino_house_with_fridge, uniq_snorg
Temple:   bh_familiar_temple

Skill      XL: |  1  2  3  4  5  6  7  8  9 10 11 12 |
---------------+-------------------------------------+-----
Fighting       | 4 5 6 8 9 10 11 12 | 12.4
Long Blades    | 4 5 6 8 9 10 11 12 | 12.4
Armour         | 1 2 3 5 6 8 10 11 | 11.6
Dodging        | 4 5 6 7 8 10 11 | 11.4
Invocations    | 8 9 |  9.1

Action                     |  1- 3 |  4- 6 |  7- 9 | 10-12 | 13-15 || total
---------------------------+-------+-------+-------+-------+-------++-------
  Melee: Falchion          |    48 |       |       |       |       ||    48
         Headbutt          |     7 |    24 |    62 |    66 |    10 ||   169
         Short sword       |    17 |   115 |     6 |       |       ||   138
         Scimitar          |       |       |   201 |   283 |    30 ||   514
  Throw: Throwing net      |       |       |       |     1 |       ||     1
 Invoke: Ancestor Life: He |       |       |     1 |       |       ||     1
         Recall Ancestor   |       |       |       |     1 |     1 ||     2
  Evoke: Wand              |       |       |       |     4 |       ||     4
    Use: Potion            |       |     4 |       |     4 |       ||     8
         Scroll            |       |       |    10 |     3 |       ||    13
   Stab: Confused          |       |       |     5 |     6 |       ||    11
         Distracted        |       |       |       |     3 |       ||     3
 Armour: Robe              |     8 |    17 |       |       |       ||    25
         Ring mail         |       |     7 |    46 |       |       ||    53
         Scale mail        |       |       |    26 |   112 |     8 ||   146
  Dodge: Dodged            |    40 |    80 |   185 |   252 |    11 ||   568
